[Event "Titled Tuesday Blitz September 13 Early 2022"]
[White "Kamsky, Gata"]
[Black "Narayanan, Srinath"]
[WhiteFideId "2000024"]
[BlackFideId "5018420"]
[WhiteElo "2666"]
[BlackElo "2459"]
[Result "1-0"]
[Round "08"]
[TimeControl "180+1"]
[Date "2022.09.13"]
[WhiteClock "0:01:21"]
[BlackClock "0:00:33"]

1. e4 c5 2. Nc3 Nc6 3. Bc4 g6 4. d3 Bg7 5. Bg5 a6 6. a3 b5 7. Ba2 Bb7 8. f4 Nd4 9. Nf3 Qc7 10. O-O e6 11. Nxd4 cxd4 12. Ne2 Rc8 13. Rc1 f5 14. exf5 gxf5 15. Ng3 Qc6 16. Qh5+ Kf8 17. Rf2 Qc5 18. b4 Qc3 19. Nxf5 Qxa3 20. Rcf1 Qxa2 21. Nd6 Nh6 22. Bxh6 Ke7 23. Nxc8+ Rxc8 24. Bxg7 1-0


[Site "https://www.chess.com"]

[Event "Titled Tuesday Blitz September 13 Early 2022"]
[White "Kevlishvili, Robby"]
[Black "Lin, Dachey"]
[WhiteFideId "1040634"]
[BlackFideId "2029650"]
[WhiteElo "2585"]
[BlackElo "2313"]
[Result "1-0"]
[Round "08"]
[TimeControl "180+1"]
[Date "2022.09.13"]
[WhiteClock "0:01:23"]
[BlackClock "0:00:32"]

1. c4 g6 2. Nc3 Bg7 3. Nf3 c5 4. g3 Nc6 5. Bg2 Nf6 6. O-O O-O 7. d3 d6 8. Qd2 b6 9. b3 Bb7 10. Bb2 Qd7 11. Rfd1 e5 12. e3 Rfe8 13. Qe2 Rad8 14. Ng5 h6 15. Nge4 Nh7 16. Nd5 f5 17. Nec3 Ng5 18. Rab1 Rf8 19. f4 Ne6 20. Kh1 Rde8 21. Qf2 Kh7 22. a3 Qf7 23. b4 g5 24. b5 Ncd8 25. a4 Qh5 26. a5 exf4 27. gxf4 gxf4 28. exf4 Bd4 29. Qf3 Qxf3 30. Bxf3 Nxf4 31. axb6 axb6 32. Na4 Re3 33. Bg2 Re2 34. Nxf4 Rxg2 35. Nxg2 Rg8 36. Rd2 Be3 37. Re2 f4 38. Nxb6 f3 39. Rxe3 Rxg2 40. Nd5 1-0


[Site "https://www.chess.com"]

[Event "Titled Tuesday Blitz September 13 Early 2022"]
[White "Kosakowski, Jakub"]
[Black "Harsh Suresh"]
[WhiteFideId "1185080"]
[BlackFideId "45018464"]
[WhiteElo "2453"]
[BlackElo "2070"]
[Result "1-0"]
[Round "08"]
[TimeControl "180+1"]
[Date "2022.09.13"]
[WhiteClock "0:01:14"]
[BlackClock "0:00:46"]

1. e4 c6 2. d4 d5 3. e5 Bf5 4. Nc3 e6 5. g4 Bg6 6. Nge2 h6 7. h4 c5 8. Nf4 Bh7 9. g5 Nc6 10. Qh5 Nxd4 11. Nxe6 Nxe6 12. Bb5+ Ke7 13. Qf3 Nc7 14. gxh6 gxh6 15. Bf4 Nxb5 16. Nxd5+ Ke8 17. O-O-O Nd4 18. Qg2 Qa5 19. Rhe1 Qxa2 20. Nf6+ Nxf6 21. exf6+ Kd8 22. Qxb7 Rc8 23. Re8+ Kxe8 24. Qxc8# 1-0


[Site "https://www.chess.com"]

[Event "Titled Tuesday Blitz September 13 Early 2022"]
[White "Kosteniuk, Alexandra"]
[Black "Kalogeris, Ioannis"]
[WhiteFideId "4128125"]
[BlackFideId "4239563"]
[WhiteElo "2469"]
[BlackElo "2291"]
[Result "1-0"]
[Round "08"]
[TimeControl "180+1"]
[Date "2022.09.13"]
[WhiteClock "0:01:03"]
[BlackClock "0:00:15"]

1. e4 e5 2. Nf3 Nc6 3. Bc4 Bc5 4. c3 Nf6 5. d4 exd4 6. b4 Bb6 7. e5 d5 8. exf6 dxc4 9. Qe2+ Be6 10. b5 d3 11. Qe4 Nb4 12. O-O Nc2 13. fxg7 Rg8 14. Qxh7 Kd7 15. Qh6 f6 16. Nbd2 Qe7 17. Ne4 Nxa1 18. Nxf6+ Kc8 19. Nxg8 Bxg8 20. Bg5 Qf7 21. Ne5 Qf5 22. Qh8 Qh7 23. Rxa1 a6 24. Ng6 axb5 25. Nf8 Rxa2 26. Rxa2 Qe4 27. Ra8# 1-0


[Site "https://www.chess.com"]

[Event "Titled Tuesday Blitz September 13 Early 2022"]
[White "Le, Tuan Minh"]
[Black "Xiong, Jeffery"]
[WhiteFideId "12401153"]
[BlackFideId "2047640"]
[WhiteElo "3077"]
[BlackElo "3002"]
[Result "0-1"]
[Round "08"]
[TimeControl "180+1"]
[Date "2022.09.13"]
[WhiteClock "0:00:30"]
[BlackClock "0:02:01"]

1. d4 d5 2. Nf3 Nf6 3. Bf4 c5 4. c3 Qb6 5. Qc2 e6 6. e3 Bd6 7. Bxd6 Qxd6 8. Ne5 Nbd7 9. f4 O-O 10. Nd2 Rb8 11. a4 a6 12. a5 b5 13. axb6 Qxb6 14. Ra2 Nxe5 15. fxe5 Ng4 16. Qd3 f6 17. Be2 c4 18. Nxc4 dxc4 19. Qe4 Qb3 0-1


[Site "https://www.chess.com"]

[Event "Titled Tuesday Blitz September 13 Early 2022"]
[White "Lenderman, Aleksandr"]
[Black "Vidit, Santosh Gujrathi"]
[WhiteFideId "2021285"]
[BlackFideId "5029465"]
[WhiteElo "2892"]
[BlackElo "3029"]
[Result "0-1"]
[Round "08"]
[TimeControl "180+1"]
[Date "2022.09.13"]
[WhiteClock "0:00:02"]
[BlackClock "0:00:18"]

1. e4 c5 2. c3 d5 3. exd5 Qxd5 4. d4 Nf6 5. Nf3 e6 6. Be2 Nc6 7. O-O Be7 8. Na3 O-O 9. Nb5 Qd8 10. dxc5 Bxc5 11. Bf4 Nd5 12. Bg3 a6 13. Nbd4 Nxd4 14. Nxd4 Qb6 15. Nb3 Be7 16. c4 Nf6 17. c5 Qb4 18. Rc1 Rd8 19. Bd3 Qa4 20. Rc4 Qe8 21. Qc2 Bd7 22. Rh4 h6 23. Rd4 Bb5 24. Bxb5 Qxb5 25. Rc4 Rac8 26. Nd4 Qe8 27. b4 Nd5 28. Qb3 Bf6 29. Nf3 Be7 30. Rfc1 Nf6 31. a4 Rd5 32. h3 Qd8 33. Qc2 a5 34. c6 Rxc6 35. Rxc6 bxc6 36. bxa5 Rc5 37. Qb1 Qxa5 38. Rxc5 Bxc5 39. Qc2 Nd5 40. Ne5 Qe1+ 41. Kh2 Bd6 42. Nd3 Bxg3+ 43. Kxg3 Qe4 44. Qb3 Kh7 45. f3 Qe3 46. Qc2 g6 47. a5 Qg5+ 48. Kh2 Ne3 49. Qe2 Nf5 50. Qe5 Qd2 51. Nf4 Ne3 52. Qc7 Kg8 53. Qb8+ Kg7 54. Qe5+ Kf8 55. Qb8+ Ke7 56. a6 g5 57. Qc7+ Kf6 58. a7 gxf4 59. Qxf4+ Ke7 60. Qc7+ Kf6 61. Qf4+ Kg6 62. Qxe3 Qxe3 63. a8=Q Qe5+ 64. Kh1 c5 65. Qg8+ Qg7 66. Qc8 Qa1+ 67. Kh2 Qe5+ 68. Kh1 Kg7 69. Kg1 Qd4+ 70. Kh2 c4 71. Qc7 c3 72. Qg3+ Kf6 73. Qb8 Qe5+ 0-1


[Site "https://www.chess.com"]

[Event "Titled Tuesday Blitz September 13 Early 2022"]
[White "Livaic, Leon"]
[Black "Van Foreest, Jorden"]
[WhiteFideId "14531534"]
[BlackFideId "1039784"]
[WhiteElo "2855"]
[BlackElo "2940"]
[Result "1/2-1/2"]
[Round "08"]
[TimeControl "180+1"]
[Date "2022.09.13"]
[WhiteClock "0:00:05"]
[BlackClock "0:00:07"]

1. d4 Nf6 2. c4 e6 3. Nf3 d5 4. Nc3 a6 5. cxd5 exd5 6. Bg5 Be6 7. Bxf6 Qxf6 8. Qb3 Ra7 9. g3 Qd8 10. h4 Be7 11. Bh3 Bxh3 12. Rxh3 c6 13. O-O-O O-O 14. g4 a5 15. Qc2 b5 16. Kb1 a4 17. Ng5 g6 18. Nf3 Qa5 19. h5 b4 20. hxg6 fxg6 21. Rdh1 Bf6 22. g5 bxc3 23. gxf6 Rxf6 24. Ne5 Qb4 25. Qxc3 Qxc3 26. bxc3 Rxf2 27. Nxg6 Rb7+ 28. Ka1 Rxe2 29. Nf4 Re4 30. Nd3 Rg7 31. Nc5 Re2 32. Rb1 Nd7 33. Nxa4 Rgg2 34. Rb2 Re1+ 35. Rb1 Re8 36. Nc5 Nxc5 37. dxc5 Ree2 38. Rb8+ Kg7 39. Rb7+ Kg6 40. a4 h5 41. a5 Ra2+ 42. Kb1 Rxa5 43. Rb8 Ra7 44. Rg8+ Rg7 45. Rxg7+ Kxg7 46. Rxh5 Rg4 47. Kb2 Rc4 48. Rf5 Kg6 49. Rf8 Rxc5 50. Kb3 Rb5+ 51. Kc2 c5 52. Rd8 c4 53. Rf8 Kg5 54. Kd2 Rb2+ 55. Kc1 Re2 56. Kd1 Re3 57. Kd2 Rd3+ 58. Kc2 Re3 59. Rd8 Re5 60. Rf8 Rf5 61. Re8 Kf4 62. Kb2 Re5 63. Rh8 Ke3 64. Kc2 Ke4 65. Rh4+ Kf3 66. Rh3+ Kg2 67. Rh8 Rf5 68. Kd2 Rf2+ 69. Ke3 Rf3+ 70. Kd2 Kg1 71. Rg8+ Kf2 72. Re8 Rd3+ 73. Kc2 Re3 74. Rd8 Re2+ 75. Kd1 Re5 76. Kd2 Rf5 77. Re8 Kf3 78. Re3+ Kf4 79. Re8 Rh5 80. Rf8+ Ke4 81. Re8+ Re5 82. Rh8 Re7 83. Rh4+ Kf3 84. Rh5 Re2+ 85. Kd1 Re3 86. Rxd5 Rxc3 87. Rh5 Ke4 88. Kd2 Rg3 89. Kc2 Kd4 90. Rh4+ Kc5 91. Rh8 Rf3 92. Rc8+ Kd5 93. Rd8+ Kc5 94. Rc8+ Kb4 95. Rb8+ Ka5 96. Rb1 Ka4 97. Rb8 Rb3 98. Ra8+ Kb4 99. Rb8+ Ka3 100. Ra8+ Kb4 101. Rb8+ Ka3 102. Ra8+ Kb4 1/2-1/2


[Site "https://www.chess.com"]

[Event "Titled Tuesday Blitz September 13 Early 2022"]
[White "Lopez, Henry"]
[Black "Prohaszka, Peter"]
[WhiteFideId "5203830"]
[BlackFideId "726265"]
[WhiteElo "2177"]
[BlackElo "2626"]
[Result "1-0"]
[Round "08"]
[TimeControl "180+1"]
[Date "2022.09.13"]
[WhiteClock "0:00:34"]
[BlackClock "0:00:02"]

1. d4 Nf6 2. Nf3 e6 3. c4 Bb4+ 4. Nbd2 b6 5. a3 Bxd2+ 6. Qxd2 Bb7 7. Qc2 O-O 8. Bg5 d6 9. e3 h6 10. Bh4 Nbd7 11. Bd3 Qe7 12. O-O e5 13. Nd2 Rae8 14. d5 Nc5 15. Be2 g5 16. Bg3 Bc8 17. b4 Ncd7 18. e4 Nxe4 19. Nxe4 f5 20. Nxd6 cxd6 21. f3 f4 22. Bf2 Nf6 23. Bd3 Qg7 24. Kh1 h5 25. Rae1 h4 26. c5 bxc5 27. bxc5 h3 28. g4 fxg3 29. Bxg3 Nh5 30. cxd6 Nxg3+ 31. hxg3 Qf6 32. Qc6 Rd8 33. Qc3 Rxd6 34. Qxe5 Rfd8 35. f4 gxf4 36. gxf4 Bb7 37. Rg1+ Kf8 38. Be4 Bxd5 39. Bxd5 Qxe5 40. Rg8+ Ke7 41. Rxe5+ Kf6 42. Rxd8 Rxd8 43. Kh2 Rc8 44. Kxh3 Rc3+ 45. Kg4 Rxa3 46. Re6+ Kg7 47. Re7+ Kf6 48. Rf7+ Kg6 49. f5+ Kh6 50. f6 Ra1 51. Be4 Rg1+ 52. Kf4 Rf1+ 53. Ke5 a5 54. Rh7+ Kg5 55. Rg7+ Kh6 56. Rg3 a4 57. Bd5 1-0


[Site "https://www.chess.com"]

[Event "Titled Tuesday Blitz September 13 Early 2022"]
[White "Martinez Alcantara, Jose Eduardo"]
[Black "Movahed, Sina"]
[WhiteFideId "3805662"]
[BlackFideId "42520835"]
[WhiteElo "2973"]
[BlackElo "2885"]
[Result "1-0"]
[Round "08"]
[TimeControl "180+1"]
[Date "2022.09.13"]
[WhiteClock "0:00:08"]
[BlackClock "0:00:10"]

1. e4 c5 2. Nf3 d6 3. c3 Nf6 4. h3 Nc6 5. Bd3 g6 6. Bc2 e5 7. d4 cxd4 8. cxd4 exd4 9. Nxd4 Nxd4 10. Qxd4 Bg7 11. O-O O-O 12. Nc3 Re8 13. Qb4 a5 14. Qb5 Re5 15. Qd3 Be6 16. Bf4 Rc5 17. Rfd1 d5 18. Be3 Rcc8 19. Qb5 Bd7 20. Qe2 dxe4 21. Nxe4 Qe7 22. Bg5 Rxc2 23. Nxf6+ Bxf6 24. Qxe7 Bxe7 25. Bxe7 Bc6 26. Bf6 h6 27. Re1 g5 28. Re7 Kh7 29. Rae1 Kg6 30. Bc3 a4 31. a3 Rd8 32. R7e3 Rd6 33. h4 Rd5 34. Rg3 Rf5 35. f3 Rf4 36. hxg5 hxg5 37. Re5 f6 38. Re6 Rc1+ 39. Kf2 Bd7 40. Rd6 Bb5 41. Bd2 Rc2 42. Kg1 Rh4 43. Bxg5 Rhc4 44. Bxf6+ Kf7 45. Bc3 Ke7 46. Rh6 Be8 47. Rg7+ Bf7 48. Rhh7 Rf4 49. Rh6 b5 50. Rb6 Rf5 51. Rb7+ Ke6 52. Rb6+ Ke7 53. Rh7 Rc1+ 54. Kh2 Rc2 55. Bb4+ Kd7 56. Rb7+ Ke6 57. Rh6+ Kd5 58. Rd7+ Kc4 59. Rc6+ Kb3 60. Rxc2 Kxc2 61. Bc3 Bc4 62. Rd2+ Kb3 63. Rf2 Rd5 64. g4 Rd3 65. f4 Rxc3 66. bxc3 Kxc3 67. f5 Kb3 68. g5 Kxa3 69. g6 b4 70. f6 b3 71. f7 b2 72. f8=Q+ Ka2 73. Qb4 Bb3 74. g7 a3 75. Qxb3+ Kxb3 76. g8=Q+ 1-0


[Site "https://www.chess.com"]

[Event "Titled Tuesday Blitz September 13 Early 2022"]
[White "Pap, Gyula"]
[Black "Kucuksari, Kaan"]
[WhiteFideId "725323"]
[BlackFideId "6380166"]
[WhiteElo "2519"]
[BlackElo "2305"]
[Result "1-0"]
[Round "08"]
[TimeControl "180+1"]
[Date "2022.09.13"]
[WhiteClock "0:00:58"]
[BlackClock "0:00:12"]

1. d4 d5 2. c4 c6 3. Nf3 Nf6 4. Nbd2 e6 5. Qc2 Nbd7 6. e4 dxe4 7. Nxe4 Nxe4 8. Qxe4 Nf6 9. Qc2 c5 10. Bg5 cxd4 11. O-O-O Bc5 12. Bd3 h6 13. Bh4 Bd7 14. Rhe1 b5 15. Ne5 Rc8 16. Kb1 Be7 17. Qe2 bxc4 18. Bxc4 Qb6 19. Rc1 Rc7 20. Bg3 O-O 21. Ng6 fxg6 22. Bxc7 Qb7 23. Bxe6+ Bxe6 24. Qxe6+ Rf7 25. Bg3 Bf8 26. Rc7 Qd5 27. Rxf7 Qxe6 28. Rxf8+ Kxf8 1-0


[Site "https://www.chess.com"]

[Event "Titled Tuesday Blitz September 13 Early 2022"]
[White "Paravyan, David"]
[Black "assezde36"]
[WhiteFideId "4194985"]
[WhiteElo "2555"]
[BlackElo "2775"]
[Result "1-0"]
[Round "08"]
[TimeControl "180+1"]
[Date "2022.09.13"]
[WhiteClock "0:00:07"]
[BlackClock "0:00:07"]

1. e4 d5 2. exd5 Qxd5 3. Nc3 Qa5 4. d4 Nf6 5. Nf3 Bf5 6. Ne5 c6 7. h4 Nbd7 8. Nc4 Qc7 9. Ne3 Be6 10. h5 O-O-O 11. a4 Nb6 12. a5 Nbd5 13. a6 b6 14. Ncxd5 Bxd5 15. Bd3 e5 16. Nxd5 Rxd5 17. dxe5 Qxe5+ 18. Qe2 Bb4+ 19. Kf1 Re8 20. Qxe5 Rexe5 21. Be3 Rxh5 22. Rxh5 Rxh5 23. Ra4 Bc5 24. g4 Rh1+ 25. Kg2 Rb1 26. Bxc5 bxc5 27. g5 Nd5 28. Rh4 Rxb2 29. Rxh7 Nf4+ 30. Kf3 Nxd3 31. cxd3 Rb3 32. Ke2 Rb4 33. Rxg7 Rf4 34. Ke3 Rf5 35. f4 Kd7 36. Ke4 Ke6 37. g6 fxg6 38. Rxg6+ Rf6 39. f5+ Kf7 40. Rxf6+ Kxf6 41. Kf4 Kf7 42. Ke5 Ke7 43. f6+ Kf7 44. Kf5 1-0


[Site "https://www.chess.com"]

[Event "Titled Tuesday Blitz September 13 Early 2022"]
[White "Piesik, Piotr"]
[Black "Demchenko, Anton"]
[WhiteFideId "1136194"]
[BlackFideId "4160258"]
[WhiteElo "2221"]
[BlackElo "2539"]
[Result "0-1"]
[Round "08"]
[TimeControl "180+1"]
[Date "2022.09.13"]
[WhiteClock "0:00:26"]
[BlackClock "0:00:11"]

1. Nf3 Nf6 2. g3 g6 3. b3 Bg7 4. Bb2 d6 5. d4 O-O 6. Bg2 b5 7. O-O Bb7 8. a4 b4 9. c4 bxc3 10. Nxc3 Nbd7 11. b4 Ne4 12. Qc2 Nxc3 13. Bxc3 Nf6 14. b5 a6 15. bxa6 Rxa6 16. a5 Qa8 17. Nh4 Bxg2 18. Nxg2 Ne4 19. Ra3 Nxc3 20. Qxc3 c5 21. Qe3 Bxd4 22. Qxe7 Re8 23. Qc7 Rxe2 24. Nf4 Re8 25. Rb1 Qe4 26. Rf1 Rea8 27. Rb3 Qc6 28. Rb8+ Rxb8 29. Qxb8+ Kg7 30. Qd8 Bf6 31. Qb8 Rxa5 32. h4 Be5 33. Nd3 Bd4 34. h5 Ra3 35. h6+ Kxh6 36. Qf8+ Bg7 37. Qxf7 Rxd3 38. Qf4+ g5 39. Qf5 Qf3 40. Qh3+ Kg6 41. Re1 g4 0-1


[Site "https://www.chess.com"]

[Event "Titled Tuesday Blitz September 13 Early 2022"]
[White "Pranav, V"]
[Black "Samunenkov, Ihor"]
[WhiteFideId "25060783"]
[BlackFideId "14187086"]
[WhiteElo "2390"]
[BlackElo "2441"]
[Result "1-0"]
[Round "08"]
[TimeControl "180+1"]
[Date "2022.09.13"]
[WhiteClock "0:01:07"]
[BlackClock "0:00:15"]

1. Nf3 c5 2. g3 Nc6 3. Bg2 e5 4. d3 g6 5. O-O Bg7 6. c4 Nge7 7. Nc3 O-O 8. Rb1 d6 9. a3 a5 10. Nb5 h6 11. Nd2 Be6 12. Ne4 Nf5 13. Bd2 Ncd4 14. Nxd4 Nxd4 15. b4 cxb4 16. axb4 a4 17. Nc3 Qd7 18. e3 Nf5 19. Ra1 a3 20. Qb3 b5 21. Bxa8 bxc4 22. Qxa3 cxd3 23. Bg2 d5 24. e4 dxe4 25. Nxe4 Bc4 26. Qa7 Qd8 27. Rfc1 Bd5 28. Qa5 Nd4 29. Qxd5 Qxd5 30. Nf6+ Bxf6 31. Bxd5 Ne2+ 32. Kf1 Nxc1 33. Rxc1 Rd8 34. Bb3 e4 35. Rc7 Bg5 36. Rxf7 1-0


[Site "https://www.chess.com"]

[Event "Titled Tuesday Blitz September 13 Early 2022"]
[White "Samsonkin, Artiom"]
[Black "Moksh Amit Doshi"]
[WhiteFideId "13503111"]
[BlackFideId "25064967"]
[WhiteElo "2524"]
[BlackElo "2245"]
[Result "1-0"]
[Round "08"]
[TimeControl "180+1"]
[Date "2022.09.13"]
[WhiteClock "0:00:56"]
[BlackClock "0:01:26"]

1. d4 Nf6 2. Nf3 d5 3. Bf4 Bf5 4. e3 e6 5. c4 Bxb1 6. Qxb1 Bb4+ 7. Kd1 Bd6 8. Bg5 O-O 9. Bd3 h6 10. Bh4 c5 11. cxd5 exd5 12. dxc5 Bxc5 13. Ke2 Qb6 14. Rd1 Ne4 15. Bxe4 dxe4 16. Qxe4 Qxb2+ 17. Kf1 Qb5+ 18. Kg1 Qc6 19. Qg4 Na6 20. Rac1 Rac8 21. Nd4 Qa4 22. Bf6 g6 23. Qh3 Kh7 24. Nf5 h5 25. Nd4 Bxd4 26. Bxd4 Nb4 27. Qf3 Qa6 28. Rxc8 Rxc8 29. Qxf7+ Kh6 30. Bg7+ Kg5 31. Qf4# 1-0


[Site "https://www.chess.com"]

[Event "Titled Tuesday Blitz September 13 Early 2022"]
[White "Sargsyan, Anna M."]
[Black "Maksimovic, Bojan"]
[WhiteFideId "13308130"]
[BlackFideId "14408120"]
[WhiteElo "2271"]
[BlackElo "2447"]
[Result "0-1"]
[Round "08"]
[TimeControl "180+1"]
[Date "2022.09.13"]
[WhiteClock "0:00:03"]
[BlackClock "0:00:05"]

1. d4 Nf6 2. c4 g6 3. g3 Bg7 4. Bg2 O-O 5. Nc3 d6 6. Nf3 Nc6 7. O-O Bg4 8. d5 Na5 9. Nd2 c5 10. h3 Bd7 11. e4 a6 12. a4 e5 13. b3 Nh5 14. Bb2 Qb6 15. Kh2 Bh8 16. Ne2 Rae8 17. Bc3 f5 18. exf5 gxf5 19. Rb1 Qc7 20. Qc2 e4 21. Bxh8 Kxh8 22. b4 cxb4 23. Rxb4 Qc5 24. Qc3+ Kg8 25. Nd4 Nf6 26. Rc1 Rc8 27. N2b3 Nxb3 28. Nxb3 Qxf2 29. Rxb7 Nxd5 30. Qd4 Ne3 31. Rg1 Rf7 32. Kh1 Rcf8 33. c5 Be6 34. Rxf7 Bxf7 35. Na5 dxc5 36. Qxc5 Ng4 0-1


[Site "https://www.chess.com"]

[Event "Titled Tuesday Blitz September 13 Early 2022"]
[White "Shandrygin, Nikita"]
[Black "Shimanov, Aleksandr"]
[WhiteFideId "24198668"]
[BlackFideId "4198603"]
[WhiteElo "2323"]
[BlackElo "2605"]
[Result "0-1"]
[Round "08"]
[TimeControl "180+1"]
[Date "2022.09.13"]
[WhiteClock "0:00:05"]
[BlackClock "0:00:36"]

1. e4 e6 2. d4 d5 3. Nd2 c5 4. exd5 Qxd5 5. Ngf3 cxd4 6. Bc4 Qd6 7. O-O Nf6 8. Nb3 Nc6 9. Nbxd4 Nxd4 10. Qxd4 Qxd4 11. Nxd4 Bc5 12. Nb3 Bb6 13. a4 a6 14. Bf4 Bd7 15. a5 Ba7 16. Bd6 Rc8 17. Bd3 Bc6 18. Rfd1 Be4 19. c3 Bd5 20. Ra3 Ng4 21. Rd2 Rd8 22. Bc7 Rd7 23. Bg3 h5 24. Nd4 h4 25. Bf4 h3 26. gxh3 Rxh3 27. Bg3 Rd8 28. Ra1 Rc8 29. Re1 Kf8 30. Bf1 Rh8 31. Bg2 Nf6 32. Be5 Bxg2 33. Kxg2 Nd5 34. Rde2 Rh5 35. Bg3 Bxd4 36. cxd4 Ke7 37. Rd1 Kd7 38. Red2 Rc4 39. Rd3 Rb4 40. b3 Rh8 41. Rc1 Rc8 42. Rc4 Rcxc4 43. bxc4 Rxc4 0-1


[Site "https://www.chess.com"]

[Event "Titled Tuesday Blitz September 13 Early 2022"]
[White "Sharapov, Evgeny"]
[Black "Belov, Vladimir"]
[WhiteFideId "14103133"]
[BlackFideId "4132394"]
[WhiteElo "2367"]
[BlackElo "2501"]
[Result "0-1"]
[Round "08"]
[TimeControl "180+1"]
[Date "2022.09.13"]
[WhiteClock "0:02:24"]
[BlackClock "0:02:26"]

1. e4 c5 2. Nf3 d6 3. d4 cxd4 4. Nxd4 Nf6 5. f3 e5 6. Nb3 d5 7. Bg5 d4 8. c3 Nc6 9. Bb5 h6 10. Bxf6 Qxf6 11. cxd4 Bb4+ 12. Nc3 O-O 13. Bxc6 bxc6 14. O-O Ba6 15. Re1 exd4 16. Qxd4 Qxd4+ 17. Nxd4 Bc5 18. Rad1 Rfd8 0-1


[Site "https://www.chess.com"]

[Event "Titled Tuesday Blitz September 13 Early 2022"]
[White "Svane, Rasmus"]
[Black "Harvey, Marcus R"]
[WhiteFideId "4657101"]
[BlackFideId "400092"]
[WhiteElo "2674"]
[BlackElo "2485"]
[Result "0-1"]
[Round "08"]
[TimeControl "180+1"]
[Date "2022.09.13"]
[WhiteClock "0:00:05"]
[BlackClock "0:00:03"]

1. Nf3 d5 2. g3 g6 3. Bg2 Bg7 4. d4 Nf6 5. O-O O-O 6. c4 c6 7. Qb3 a5 8. Rd1 a4 9. Qb4 Ne4 10. Bf4 Qa5 11. Qxa5 Rxa5 12. Bxb8 dxc4 13. Nbd2 Nxd2 14. Rxd2 Be6 15. Be5 f6 16. Bc7 Ra6 17. Rc2 g5 18. g4 a3 19. bxa3 Rc8 20. Bg3 Rxa3 21. Nd2 b5 22. h3 f5 23. gxf5 Bxd4 24. Rd1 Bxf5 25. Ne4 Bxe4 26. Bxe4 Rxg3+ 27. Kf1 Bxf2 28. Kxf2 Rxh3 29. Rd7 Kf7 30. Rb7 Ke6 31. a4 Rf8+ 32. Kg2 Rh4 33. Bxc6 Rg4+ 34. Kh3 Rh4+ 35. Kg3 bxa4 36. Bxa4 Rf1 37. Kg2 Rff4 38. Bd7+ Kf6 39. Rb6+ Kg7 40. Be6 Rh6 41. Rc6 Re4 42. Bd5 Rg4+ 43. Kf3 Rf4+ 44. Ke3 Rh3+ 45. Kd2 Rd4+ 46. Ke1 Rxd5 47. R2xc4 Rh1+ 48. Kf2 Rf5+ 49. Kg2 Rh4 50. Rc3 Re4 51. e3 Rf6 52. Rc7 h5 53. R7c5 Kg6 54. Rc8 h4 55. Rg8+ Kh5 56. Rc5 e5 57. Rc7 Rxe3 58. Rh8+ Kg4 59. Rc4+ Rf4 60. Rc2 Rg3+ 61. Kh2 Rgf3 62. Rg2+ Rg3 63. Re2 e4 64. Re8 e3 65. Re5 Rf2+ 66. Rxf2 exf2 67. Re4+ Kh5 68. Re1 Rh3+ 69. Kg2 fxe1=Q 70. Kxh3 Qg3# 0-1


[Site "https://www.chess.com"]

[Event "Titled Tuesday Blitz September 13 Early 2022"]
[White "Ter-Sahakyan, Samvel"]
[Black "Dubov, Daniil"]
[WhiteFideId "13302531"]
[BlackFideId "24126055"]
[WhiteElo "2910"]
[BlackElo "3042"]
[Result "1/2-1/2"]
[Round "08"]
[TimeControl "180+1"]
[Date "2022.09.13"]
[WhiteClock "0:00:15"]
[BlackClock "0:00:29"]

1. e4 e5 2. Nf3 Nc6 3. Bb5 a6 4. Ba4 Nf6 5. O-O Be7 6. Re1 b5 7. Bb3 O-O 8. a4 d5 9. axb5 dxe4 10. bxc6 exf3 11. Qxf3 e4 12. Qg3 Re8 13. d4 exd3 14. Qxd3 Bd6 15. Rxe8+ Qxe8 16. Nd2 Ng4 17. h3 Bf5 18. Qf1 Nh2 19. Qd1 Qe5 20. Nc4 Nf3+ 21. Kf1 Nh2+ 22. Kg1 Nf3+ 23. Kf1 Nh2+ 24. Kg1 1/2-1/2


[Site "https://www.chess.com"]

[Event "Titled Tuesday Blitz September 13 Early 2022"]
[White "Vaibhav Jayant Raut"]
[Black "Bok, Benjamin"]
[WhiteFideId "5089034"]
[BlackFideId "1017063"]
[WhiteElo "2122"]
[BlackElo "2658"]
[Result "0-1"]
[Round "08"]
[TimeControl "180+1"]
[Date "2022.09.13"]
[WhiteClock "0:00:01"]
[BlackClock "0:00:08"]

1. c4 c6 2. Nc3 d5 3. cxd5 cxd5 4. d4 Nf6 5. Nf3 Nc6 6. Bf4 Bf5 7. e3 e6 8. Bd3 Bxd3 9. Qxd3 Be7 10. h3 O-O 11. O-O Qb6 12. a3 Na5 13. b4 Nc4 14. Na4 Qc6 15. Qb3 Rfc8 16. Rfc1 b5 17. Nc5 a5 18. Ne5 Qe8 19. Ned3 Ne4 20. Nxe4 dxe4 21. Nc5 a4 22. Qa2 Bxc5 23. dxc5 e5 24. Bg3 Qe6 25. Rd1 Rd8 26. Bh4 f6 27. Qc2 g5 28. Bg3 f5 29. Bh2 Kf7 30. Qe2 Kg6 31. Qc2 Rxd1+ 32. Qxd1 h5 33. Kh1 h4 34. Kg1 Re8 35. Qc2 Rd8 36. Rd1 Nxa3 37. Qc1 Rxd1+ 38. Qxd1 Nc4 39. Qd8 a3 40. Qa8 Qd7 41. Qa6+ Kg7 42. g4 f4 43. c6 Qd1+ 44. Kg2 f3# 0-1


[Site "https://www.chess.com"]

[Event "Titled Tuesday Blitz September 13 Early 2022"]
[White "Vogel, Roven"]
[Black "Jobava, Baadur"]
[WhiteFideId "12908088"]
[BlackFideId "13601520"]
[WhiteElo "2501"]
[BlackElo "2582"]
[Result "0-1"]
[Round "08"]
[TimeControl "180+1"]
[Date "2022.09.13"]
[WhiteClock "0:00:20"]
[BlackClock "0:01:07"]

1. d4 Nf6 2. c4 c5 3. d5 g6 4. Nc3 d6 5. e4 Bg7 6. h3 O-O 7. Nf3 e6 8. Bd3 exd5 9. exd5 Re8+ 10. Be3 Rxe3+ 11. fxe3 Qe7 12. O-O Nbd7 13. Qd2 b6 14. Rf2 Ba6 15. Raf1 Rf8 16. e4 h5 17. e5 dxe5 18. Qg5 Qd8 19. Nd2 e4 20. Bxe4 Nxe4 21. Qxd8 Rxd8 22. Ndxe4 Bxc4 23. Rxf7 Bxf1 24. Rxf1 Bd4+ 25. Kh1 Ne5 26. Nb5 Bxb2 27. Nxa7 Kg7 28. d6 c4 29. Nb5 Rf8 30. Rb1 Nd3 31. Nc7 Rf7 32. Nd5 b5 33. Nb6 Bd4 34. Rxb5 h4 35. Nxc4 Rf1+ 36. Kh2 Bg1+ 37. Kh1 Nf2+ 0-1


[Site "https://www.chess.com"]

[Event "Titled Tuesday Blitz September 13 Early 2022"]
[White "Zhigalko, Sergei"]
[Black "Beerdsen, Thomas"]
[WhiteFideId "13502956"]
[BlackFideId "1030108"]
[WhiteElo "2919"]
[BlackElo "2871"]
[Result "1-0"]
[Round "08"]
[TimeControl "180+1"]
[Date "2022.09.13"]
[WhiteClock "0:01:08"]
[BlackClock "0:01:20"]

1. e4 c5 2. Nf3 g6 3. c3 Bg7 4. d4 d5 5. e5 Nc6 6. Bb5 Nh6 7. O-O O-O 8. Re1 cxd4 9. cxd4 Bg4 10. Bxc6 bxc6 11. Nbd2 Qb6 12. h3 Bc8 13. Nb3 a5 14. Nc5 Nf5 15. Bf4 Qxb2 16. Rb1 Qc3 17. g4 Nxd4 18. Qxd4 Qc2 19. Rb2 1-0


[Site "https://www.chess.com"]

[Event "Titled Tuesday Blitz September 13 Early 2022"]
[White "Aloma Vidal, Robert"]
[Black "Vogel, Roven"]
[WhiteFideId "2260409"]
[BlackFideId "12908088"]
[WhiteElo "2435"]
[BlackElo "2501"]
[Result "1/2-1/2"]
[Round "09"]
[TimeControl "180+1"]
[Date "2022.09.13"]
[WhiteClock "0:00:06"]
[BlackClock "0:00:21"]

1. e4 e5 2. Nf3 Nc6 3. Bc4 Nf6 4. d4 exd4 5. e5 Ne4 6. O-O Nc5 7. Nxd4 Nxd4 8. Qxd4 Ne6 9. Qg4 d5 10. exd6 Qxd6 11. Nc3 Be7 12. Be3 O-O 13. Rad1 Qe5 14. Rd5 Qf6 15. Qg3 Bd6 16. Ne4 Qxb2 17. Nxd6 cxd6 18. Rxd6 Qxc2 19. Bd3 Qxa2 20. Qh4 g6 21. Qf6 Qa3 22. Rd5 Re8 23. Bh6 Qe7 24. Qb2 Bd7 25. Qxb7 Rad8 26. Qxa7 Bc6 27. Qxe7 Rxe7 28. Rxd8+ Nxd8 29. Rc1 Rd7 30. Bf1 f6 31. f3 Kf7 32. Bf4 Ne6 33. Be3 Bd5 34. Rd1 Bc6 35. Rc1 Bd5 36. Rd1 Bc6 37. Ra1 Ng7 38. Kf2 Nf5 39. Bc5 Rd2+ 40. Kg1 Rd7 41. Bc4+ Bd5 42. Bb5 Rb7 43. Ra5 Be6 44. Kf2 Rc7 45. Bd3 h5 46. g4 hxg4 47. fxg4 Nh6 48. h3 Rd7 49. Ke3 Bxg4 50. hxg4 Nxg4+ 51. Ke2 Ne5 52. Bc2 Rc7 53. Bb3+ Kg7 54. Bd4 Rd7 55. Bxe5 fxe5 56. Rxe5 Kf6 57. Re3 Re7 58. Rxe7 Kxe7 59. Kf3 g5 60. Kg4 Kd8 61. Kxg5 1/2-1/2


[Site "https://www.chess.com"]